 Dungeon Crawl Stone Soup version 0.22-b1-59-g0aedee734a (webtiles) character file.

23 MrSplat the Sneak (level 2, -1/22 HPs)
             Began as a Naga Enchanter on Aug 9, 2018.
             Slain by an ice beast (6 damage)
             ... on level 2 of the Dungeon.
             The game lasted 00:04:18 (1687 turns).

MrSplat the Sneak (Naga Enchanter)                  Turns: 1687, Time: 00:04:19

Health: -1/22      AC:  2    Str: 15    XL:     2   Next: 95%
Magic:  5/5        EV: 10    Int: 15    God:
Gold:   62         SH:  0    Dex: 11    Spells: 2/5 levels left

rFire    . . .     SeeInvis +   a - +1 dagger
rCold    . . .     Gourm    .   (no shield)
rNeg     . . .     Faith    .   b - +0 robe
rPois    +         Spirit   .   (no helmet)
rElec    .         Reflect  .   (no cloak)
rCorr    .         Harm     .   m - +0 pair of gloves
MR       .....                  (no barding)
Stlth    +++.......             (no amulet)
HPRegen  0.07/turn              (no ring)
MPRegen  0.09/turn              (no ring)

@: mighty, short of breath, very slow
A: large, see invisible, deformed body, poison resistance, slowness 2, slow
metabolism 1, spit poison 1, AC +0
a: Spit Poison


You were on level 2 of the Dungeon.
You were not hungry.

You visited 1 branch of the dungeon, and saw 2 of its levels.

You collected 62 gold pieces.


Innate Abilities, Weirdness & Mutations

You cannot wear boots.
Your serpentine skin is tough. (AC +0)
You have supernaturally acute eyesight. (SInv)
Armour fits poorly on your strangely shaped body.
Your system is resistant to poisons. (rPois)
You cover ground very slowly.
You have a slow metabolism.
You can spit poison.


   Skills:
 - Level 1.0 Short Blades
 - Level 1.5 Dodging
 + Level 5.0 Stealth
 - Level 2.0 Spellcasting
 * Level 3.7 Hexes
 + Level 0.0 Ice Magic


You had 2 spell levels left.
You knew the following spells:

 Your Spells              Type           Power        Failure   Level  Hunger
a - Corona                Hex            ##.....      4%          1    #......
s - Ensorcelled Hibernat  Hex/Ice        #.....       16%         2    ###....

Your spell library contained the following spells:

 Spells                   Type           Power        Failure   Level  Hunger
 Confuse                  Hex            ##......     14%         3    ###....
 Tukima's Dance           Hex            ##......     14%         3    ###....
 Dazzling Spray           Conj/Hex       #.....       30%         3    ###....

Inventory:

Hand Weapons
 a - a +1 dagger (weapon)
Missiles
 i - 7 javelins (quivered)
 k - 18 stones
Armour
 b - a +0 robe (worn)
 m - a +0 pair of gloves (worn)
   (You found it on level 1 of the Dungeon)
Scrolls
 f - 2 scrolls of remove curse {unknown}
 h - a scroll of fear {unknown}
 l - 2 scrolls of identify {unknown}
 n - a scroll of fog {unknown}
 o - a scroll of teleportation {unknown}
Potions
 e - a potion of ambrosia {unknown}
 j - a potion of curing {unknown}
Comestibles
 d - 3 rations {@e1}
 q - a chunk of flesh

Dungeon Overview and Level Annotations

Branches:
Dungeon (2/15)

Altars:

######## #......#
######### #.####.#
#......(###.####.#
######.##..........##<#
.....#.##.##.###.#.##.#
#......##.# #.#.##.#
....##.#####.###......#
. #@# #.#.....####
#Y......#.#####
#########.# #.# #.##
##.#.## #.###.# ##.#.##
#.##


You could see an ice beast.


Message History

Okay, then.
k - 18 stones (gained 3)
Things that are here:
a club; a kobold corpse You are near starving!
l - 2 scrolls labeled FIASUL DARO (gained 1)
o - a scroll labeled YMIPOY LY WEI You see here a kobold skeleton.
There is an open door here.
You open the door.
There is an open door here.
As you open the door, it creaks loudly!
There is an open door here.
d - 4 rations {@e1} (gained 1)
There is an open door here.
You open the door.
There is an open door here.
You open the door.
There is an open door here.
You are starving!
You eat one of the 4 rations {@e1}.
That ration really hit the spot!
The goblin is too close now for your liking.
Throwing (i - inventory. (/) - cycle)
i - 7 javelins (quivered)
Press: ? - help, Shift-Dir - straight line, f - goblin
Aim: a goblin, wielding a dagger (hasn't noticed you)
You throw a javelin. The javelin barely misses the goblin.
Throwing (i - inventory. (/) - cycle)
i - 6 javelins (quivered)
Press: ? - help, Shift-Dir - straight line, f/p - goblin
Aim: a goblin, wielding a dagger You throw a javelin.
The javelin hits the goblin.
The goblin is heavily wounded.
Use which ability? (? or * to list)
Press: ? - help, Shift-Dir - straight line, f/p - goblin
Aim: a goblin, wielding a dagger (heavily wounded)
The splash of poison misses the goblin.
You feel slightly more hungry. The goblin closely misses you.
Casting: Ensorcelled Hibernation (safe; 16% risk of failure)
Confirm with . or Enter, or press ? or * to list all spells.
Aiming: Ensorcelled Hibernation (safe; 16% risk of failure)
Press: ? - help, Shift-Dir - straight line, f/p - goblin
Aim: a goblin, wielding a dagger (heavily wounded, chance to defeat MR: 56%)
The goblin looks drowsy...
You now have 3/5 mp.
The helpless goblin fails to defend itself.
You puncture the goblin!
You kill the goblin!
p - a lumpy pink potion
f - 2 scrolls labeled IDDIDD BUFF (gained 1)
You now have 62 gold pieces (gained 16).
You see here a dagger.
Unknown command.
i - 6 javelins (gained 1)
You have got your breath back.
i - 7 javelins (gained 1) Partly explored, can't reach some places.
MP restored: 5 Partly explored, can't reach some places.
Search for what [Enter for "."]? .
Okay, then.
(D) Dungeon
Where to? (? - help)
There is a stone staircase leading down here.
You climb downwards.
There is a stone staircase leading up here.
A goblin comes into view. It is wielding a club.
The helpless goblin fails to defend itself.
You impale the goblin!!
You kill the goblin!
You see here a club.
A rat comes into view.
The helpless rat fails to defend itself.
You puncture the rat!
You kill the rat!
No target in view!
You butcher the rat corpse.
q - a chunk of flesh
Found a stone staircase leading up.
There is a stone staircase leading up here.
A quokka comes into view.
The quokka moves out of view.
An ice beast comes into view.
The helpless ice beast fails to defend itself.
You puncture the ice beast!
The ice beast is heavily wounded.
The ice beast closely misses you.
Use which ability? (? or * to list)
Press: ? - help, Shift-Dir - straight line, f - ice beast
Aim: an ice beast (moderately wounded)
The splash of poison misses the ice beast.
You feel slightly more hungry. The ice beast hits you.
The ice beast freezes you!
Ouch! That really hurt!
* * * LOW HITPOINT WARNING * * *
You take 16 damage, and have 6/22 hp.
MASSIVE DAMAGE!!
It was a potion of might.
You feel very mighty all of a sudden. The ice beast hits you.
* * * LOW HITPOINT WARNING * * *
The ice beast freezes you.
You die...

Skill      XL: |  1  2 |
---------------+-------+-----
Stealth        | 5 |  5.0
Short Blades   | |  1.0
Dodging        | |  1.5
Spellcasting   | |  2.0
Hexes          | |  3.7

Action                   || total
-------------------------++-------
Melee: Dagger            ||    40
Throw: Javelin           ||    11
 Cast: Corona            ||     6
       Ensorcelled Hiber ||     6
 Abil: Spit Poison       ||    13
  Use: Potion            ||     1
 Stab: Sleeping          ||     7
  Eat: Ration            ||     1
Armor: Robe              ||     9
Dodge: Dodged            ||    32

Vault maps used:
D:1:      eino_arrival_cavern_b, minmay_tree_intersection, minmay_misc_feat_chi,
          minmay_octomino_j4
D:2:      old_standard_altar

Notes
Turn   | Place    | Note
-------+----------+-------------------------------------------
     0 | D:1      | MrSplat the Naga Enchanter began the quest for the Orb.
     0 | D:1      | Reached XP level 1. HP: 15/15 MP: 3/3
   311 | D:1      | HP: 3/15 [rat (3)]
   312 | D:1      | HP: 1/15 [rat (2)]
   314 | D:1      | Reached XP level 2. HP: 1/22 MP: 0/5
   674 | D:1      | Learned a level 2 spell: Ensorcelled Hibernation
   750 | D:1      | HP: 1/22 [hobgoblin/club (7)]
  1373 | D:1      | Reached skill level 5 in Stealth
  1682 | D:2      | Noticed an ice beast
  1687 | D:2      | HP: 5/22 [ice beast (2)]
  1687 | D:2      | Slain by an ice beast

Vanquished Creatures
  A dart slug (D:1)
  A giant cockroach (D:1)
  4 goblins
  3 hobgoblins (D:1)
  4 kobolds (D:1)
  A bat (D:1)
  2 frilled lizards (D:1)
  4 rats
20 creatures vanquished.

Table legend:
 A = Turns spent in this place as a percentage of turns spent in the entire game.
 B = Non-inter-level travel turns spent in this place as a percentage of non-inter-level travel turns spent in the entire game.
 C = Inter-level travel turns spent in this place as a percentage of turns spent in this place.
 D = Turns resting spent in this place as a percentage of non-inter-level travel turns spent in this place.
 E = Turns spent auto-exploring this place as a percentage of non-inter-level travel turns spent in this place.
 F = Non-inter-level travel turns spent in this place divided by the number of levels of this place that you've seen.
                   A       B       C       D       E      F
               +-------+-------+-------+-------+-------+----------------------
         Total | 100.0 | 100.0 |   0.7 |  51.7 |  31.7 | 838.0
       Dungeon | 100.0 | 100.0 |   0.7 |  51.7 |  31.7 | 838.0
               +-------+-------+-------+-------+-------+----------------------

Table legend:
 A = Non-vault XP
 B = Vault XP
 C = Vault XP percentage of total XP
 D = Non-vault monster count
 E = Vault monster count
 F = Vault count percentage of total count
 G = Total turns spent on level
                 A         B        C        D         E       F
            +---------+---------+-------+---------+---------+-------
      Total |      31 |       2 |   6.1 |      18 |       2 |  10.0
            +---------+---------+-------+---------+---------+-------
        D:1 |      28 |       2 |   6.7 |      16 |       2 |  11.1
        D:2 |       3 |       0 |   0.0 |       2 |       0 |   0.0
            +---------+---------+-------+---------+---------+-------
